 Dungeon Crawl Stone Soup version 0.29.1-1-gd02db6906a (webtiles) character file.

Game seed: 3068331182973933509

68 Godmorgon the Conjurer (level 4, -3/24 HPs)
             Began as a Tengu Conjurer on Oct 14, 2022.
             Slain by Terence
             ... wielding a +0 short sword
              (4 damage)
             ... on level 2 of the Dungeon.
             The game lasted 00:07:13 (1864 turns).

Godmorgon the Conjurer (Tengu Conjurer)             Turns: 1864, Time: 00:07:14

Health: -3/24      AC:  2    Str:  8    XL:     4   Next: 19%
Magic:  0/8        EV: 12    Int: 20    God:
Gold:   29         SH:  0    Dex: 12    Spells: 2/8 levels left

rFire   . . .      SeeInvis .   a - +0 dagger (holy)
rCold   . . .      Faith    .   (no shield)
rNeg    . . .      Spirit   .   e - +0 robe
rPois   .          Reflect  .   (helmet restricted)
rElec   .          Harm     .   (no cloak)
rCorr   .          Rampage  .   (no gloves)
Will    .....                   (boots unavailable)
Stlth   ++........              (no amulet)
HPRegen 0.08/turn               (no ring)
MPRegen 0.11/turn               (no ring)

@: no status effects
A: beak, talons 3
a: no special abilities


You were on level 2 of the Dungeon.
You visited 1 branch of the dungeon, and saw 3 of its levels.

You collected 29 gold pieces.

Inventory:

Hand Weapons
 a - a +0 dagger of holy wrath (weapon)
Armour
 e - a +0 robe (worn)
Scrolls
 c - 2 scrolls of identify {unknown}
 h - a scroll of immolation {unknown}
 i - a scroll of summoning {unknown}
Potions
 b - a potion of magic
 d - a potion of haste {unknown}
 f - a potion of curing {unknown}
 g - a potion of cancellation {unknown}


   Skills:
 - Level 2.1 Dodging
 - Level 2.0 Stealth
 + Level 2.6 Spellcasting
 * Level 6.4 Conjurations
 * Level 1.4 Air Magic
 * Level 0.9 Poison Magic


You had 2 spell levels left.
You knew the following spells:

 Your Spells              Type           Power      Damage    Failure   Level
d - Magic Dart            Conj           100%       1d8       1%          1
m - Mephitic Cloud        Conj/Pois/Air  14%        N/A       13%         3
s - Searing Ray           Conj           56%        2d6       1%          2

Your spell library contained the following spells:

 Spells                   Type           Power      Damage    Failure   Level
 Apportation              Tloc           4%         N/A       16%         1
 Call Imp                 Summ           2%         N/A       22%         2
 Dazzling Flash           Conj/Hex       30%        N/A       12%         3
 Fulminant Prism          Conj/Hex       7%         3d7       36%         4
 Iskenderun's Mystic Bla  Conj/Tloc      15%        2d5       36%         4
 Alistair's Intoxication  Tmut/Pois      2%         N/A       98%         5


Dungeon Overview and Level Annotations

Branches:
Dungeon (3/15)

Altars:

Annotations:
D:2 Terence


Innate Abilities, Weirdness & Mutations

You have a beak for a mouth.
You have claws for feet.


Message History

Terence hits you with a +0 short sword.
The searing ray hits Terence.
Terence is heavily wounded.
Terence hits you with a +0 short sword.
* * * LOW HITPOINT WARNING * * *
The searing ray hits Terence.
Terence is heavily wounded.
You finish channelling your searing ray.
Terence hits you with a +0 short sword.
* * * LOW HITPOINT WARNING * * *
Casting: Searing Ray (safe; 1% risk of failure)
Confirm with . or Enter, or press ? or * to list all spells.
Okay, then.
Okay, then.
Okay, then.
Casting: Searing Ray (safe; 1% risk of failure)
Confirm with . or Enter, or press ? or * to list all spells.
Aiming: Searing Ray (safe; 1% risk of failure)
Press: ? - help, Shift-Dir - straight line, f/p - Terence
Aim: Terence, wielding a +0 short sword and wearing a +0 chain mail (heavily wounded, 85% to hit)
Okay, then.
Casting: Searing Ray (safe; 1% risk of failure)
Confirm with . or Enter, or press ? or * to list all spells.
Aiming: Searing Ray (safe; 1% risk of failure)
Press: ? - help, Shift-Dir - straight line, f/p - Terence
Aim: Terence, wielding a +0 short sword and wearing a +0 chain mail (heavily wounded, 85% to hit)
The searing ray hits Terence.
Terence is severely wounded. (Press . to maintain the ray.) Terence hits you with a +0 short sword.
* * * LOW HITPOINT WARNING * * *
Casting: Searing Ray (safe; 1% risk of failure)
Confirm with . or Enter, or press ? or * to list all spells.
Aiming: Magic Dart (safe; 1% risk of failure)
Press: ? - help, Shift-Dir - straight line, f/p - Terence
Aim: Terence, wielding a +0 short sword and wearing a +0 chain mail (severely wounded, 100% to hit)
The magic dart hits Terence but does no damage.
Terence is severely wounded.
Terence hits you with a +0 short sword.
You die...

........##....#
.........#....#
.......÷.......
........#.#....
.......).....##
.......÷...###
.......)...#
.##.#†#÷@..#
...#.#@)..# .#.
#.#....# .
#.#....# ..####
...# ....#
.....# #######


You could see Terence.

Vanquished Creatures
  Robin (D:1)
  A gnoll (D:1)
  4 dart slugs
  2 bats
  2 endoplasms
  A giant cockroach (D:1)
  5 hobgoblins
  3 quokkas
  5 ball pythons
  A frilled lizard (D:1)
  10 goblins
  4 rats
  4 toadstools (D:1)
43 creatures vanquished.

Notes
Turn   | Place    | Note
-------+----------+-------------------------------------------
     0 | D:1      | Godmorgon the Tengu Conjurer began the quest for the Orb.
     0 | D:1      | Reached XP level 1. HP: 10/10 MP: 4/4
   242 | D:1      | Reached XP level 2. HP: 3/15 MP: 0/6
   274 | D:1      | Reached skill level 6 in Conjurations
   582 | D:2      | Reached XP level 3. HP: 19/19 MP: 1/7
   585 | D:2      | Learned a level 2 spell: Searing Ray
   965 | D:1      | Learned a level 3 spell: Mephitic Cloud
  1485 | D:2      | Noticed Robin
  1487 | D:2      | Reached skill level 1 in Air Magic
  1622 | D:2      | Noticed Terence
  1628 | D:1      | Killed Robin
  1629 | D:1      | Reached XP level 4. HP: 20/24 MP: 1/8
  1863 | D:2      | HP: 1/24 [Terence/+0 short sword (1)]
  1864 | D:2      | Slain by Terence

Illustrated notes

Levels and vault maps discovered:
D:1:      ldierk_water_garden, layout_rooms
D:2:      layout_rooms, ebering_ecumenical_altar_sacrificial, uniq_terence,
          uniq_robin
D:3:      layout_loops_cross, minivault_24, uniq_sigmund, uniq_natasha,
          uniq_grinder

Skill      XL: |  1  2  3 |
---------------+----------+-----
Conjurations   | 6 |  6.4
Air Magic      | 1 |  1.4
Dodging        | |  2.1
Stealth        | |  2.0
Spellcasting   | |  2.6
Poison Magic   | |  0.9

Action                   |  1- 3 |  4- 6 || total
-------------------------+-------+-------++-------
Melee: Unarmed           |    13 |       ||    13
       Kick              |     4 |       ||     4
       Peck              |     4 |       ||     4
 Cast: Magic Dart        |    30 |     1 ||    31
       Searing Ray       |    19 |     5 ||    24
Armor: Robe              |     6 |     2 ||     8
Dodge: Dodged            |    47 |     6 ||    53
